 Dungeon Crawl Stone Soup version 0.31.0-11-ge490571c62 (webtiles) character file.

Game seed: 10448006470402564605

154 LobsterGuardian the Digger (level 5, -3/31 HPs)
             Began as an Octopode Earth Elementalist on Jan 28, 2024.
             Was an Initiate of Hepliaklqana.
             Incinerated by a bombardier beetle (7 damage)
             ... with a burning spray
             ... on level 4 of the Dungeon.
             The game lasted 00:08:41 (2262 turns).

LobsterGuardian the Digger (OpEE)                   Turns: 2262, Time: 00:08:42

Health: -3/31      AC:  1    Str:  8    XL:     5   Next: 36%
Magic:  2/9        EV: 13    Int: 19    God:    Hepliaklqana [......]
Gold:   120        SH:  0    Dex: 12    Spells: 6/10 levels left

rFire   . . .        h - +0 dagger
rCold   . . .        i - orb {*channel}
rNeg    . . .        (helmet restricted)
rPois   .            (no amulet)
rElec   .            (no ring)
rCorr   .            (no ring)
SInv    .            (no ring)
Will    .....        (no ring)
Stlth   ++           (no ring)
HPRegen 0.25/turn    (no ring)
MPRegen 0.11/turn    (no ring)
                     (no ring)

%: channel magic (20%)
@: on fire, glowing
A: almost no armour, amphibious, 8 rings, camouflage 1, gelatinous body 1,
(nimble swimmer 1), tentacles
a: Renounce Religion


You were on level 4 of the Dungeon.
You worshipped Hepliaklqana.
Hepliaklqana was noncommittal.
You visited 1 branch of the dungeon, and saw 4 of its levels.

You collected 120 gold pieces.

Inventory:

Hand Weapons
 h - a +0 dagger (weapon)
Armour
 i - an orb of energy (worn)
Scrolls
 b - a scroll of immolation
 c - a scroll of revelation
 d - a scroll of teleportation {unknown}
 e - a scroll of enchant armour
 f - 3 scrolls of noise
 j - a scroll of amnesia {unknown}
 m - 2 scrolls of enchant weapon {unknown}
Potions
 a - a potion of magic
 k - a potion of haste {unknown}
 l - a potion of degeneration {unknown}
 n - a potion of cancellation {unknown}


   Skills:
 + Level 0.1 Fighting
 + Level 0.2 Short Blades
 + Level 2.1 Dodging
 * Level 3.8 Stealth
 + Level 3.0 Spellcasting
 + Level 1.2 Conjurations
 * Level 4.6 Earth Magic


You had 6 spell levels left.
You knew the following spells:

 Your Spells              Type           Power      Damage    Failure   Level
a - Sandblast             Erth           40%        2d10      9%          1
b - Stone Arrow           Conj/Erth      28%        3d8       32%         3

Your spell library contained the following spells:

 Spells                   Type           Power      Damage    Failure   Level
 Passwall                 Erth           20%        N/A       19%         3
 Call Canine Familiar     Summ           2%         N/A       63%         3
 Sigil of Binding         Hex            2%         N/A       63%         3
 Brom's Barrelling Bould  Conj/Erth      14%        2d4       63%         4
 Petrify                  Alch/Erth      11%        N/A       73%         4
 Dimensional Bullseye     Hex/Tloc       1%         N/A       94%         4


Dungeon Overview and Level Annotations

Branches:
Dungeon (4/15)             Temple (0/1) D:4

Altars:
Hepliaklqana


Innate Abilities, Weirdness & Mutations

You cannot wear most types of armour.
You are amphibious.
You can wear up to eight rings at the same time.
Your skin changes colour to match your surroundings (Stealth+).
Your rubbery body absorbs attacks. (AC +1, EV +1)
((You are camouflaged when in or above water. (Stealth+)))
You have tentacles for arms and can constrict up to eight enemies at once.


Message History

You hear a bark!
The blast of sand hits the bombardier beetle!
You kill the bombardier beetle!
The liquid fire burns you!
A hound comes into view.
Your Spellcasting skill increases to level 3!
Unknown command.
You are too injured to fight recklessly!
You are too injured to fight recklessly!
You closely miss the hound. Your grab misses the hound.
You squeeze the hound, but do no damage.
The liquid fire burns you!
* * * LOW HITPOINT WARNING * * *
The hound closely misses you. The hound bites you.
* * * LOW HITPOINT WARNING * * *
Unknown command.
You feel better. The liquid fire burns you!
* * * LOW HITPOINT WARNING * * *
The hound closely misses you.
Casting: Sandblast (safe; 9% risk of failure)
Confirm with . or Enter, or press ? or * to list all spells.
Aiming: Sandblast (safe; 9% risk of failure)
Press: ? - help, Shift-Dir - straight line, f - hound
Aim: a hound (76% to hit)
The blast of sand hits the hound.
The hound is moderately wounded.
The liquid fire burns you!
* * * LOW HITPOINT WARNING * * *
The hound misses you. The hound bites you but does no damage.
Unknown command.
Casting: Sandblast (safe; 9% risk of failure)
Confirm with . or Enter, or press ? or * to list all spells.
Aiming: Sandblast (safe; 9% risk of failure)
Press: ? - help, Shift-Dir - straight line, f/p - hound
Aim: a hound (moderately wounded, 76% to hit)
The blast of sand hits the hound.
The hound is heavily wounded.
The liquid fire burns you!
You die...

####.. #. ..... . #.#
...? .. #.##... .##
..#.#... ....
#.#.#.†#.....
#.#.#.h...... #.#.)@#
. #.#...#.###
#.#..##...###.
#.####.#..#.......
#........##..>..##
######.#........#..##
........###...##...
#######...###.#..#
#.#...#.#.#


You could see a hound.

Vanquished Creatures
  A bombardier beetle (D:4)
  2 dart slugs (D:2)
  2 ribbon worms (D:3)
  13 orcs
  4 ball pythons (D:3)
  8 bats
  10 endoplasms
  4 giant cockroaches
  5 goblins
  5 hobgoblins
  6 jackals
  5 quokkas
  7 frilled lizards
  3 kobolds (D:1)
  3 rats
78 creatures vanquished.

Vanquished Creatures (others)
  An adder (D:3)
1 creature vanquished.

Grand Total: 79 creatures vanquished

Notes
Turn   | Place    | Note
-------+----------+-------------------------------------------
     0 | D:1      | LobsterGuardian the Octopode Earth Elementalist began the
                  | quest for the Orb.
     0 | D:1      | Reached XP level 1. HP: 11/11 MP: 3/3
   194 | D:1      | Reached XP level 2. HP: 17/17 MP: 3/5
   622 | D:1      | Reached XP level 3. HP: 21/21 MP: 3/6
   626 | D:1      | Learned a level 3 spell: Stone Arrow
   983 | D:2      | Reached skill level 4 in Earth Magic
  1328 | D:3      | Reached XP level 4. HP: 16/27 MP: 4/7
  1397 | D:3      | HP: 1/27 [orc/+0 flail (8)]
  2155 | D:3      | Found a hazy altar of Hepliaklqana.
  2176 | D:3      | Became a worshipper of Hepliaklqana the Forgotten
  2239 | D:4      | Found a staircase to the Ecumenical Temple.
  2252 | D:4      | Reached XP level 5. HP: 31/31 MP: 6/9
  2262 | D:4      | Incinerated by a bombardier beetle

Illustrated notes

Levels and vault maps discovered:
D:1:      psy_arrival_conway, layout_rooms
D:2:      layout_rooms, interstate_on_off
D:3:      minmay_wonky_spiral, layout_rooms, lemuel_round_altar
D:4:      layout_basic, dk_yredelemnul_ordeal, minmay_temple_entry_slanted,
          uniq_grinder, uniq_eustachio

Skill      XL: |  1  2  3  4  5 |
---------------+----------------+-----
Stealth        | 3 |  3.8
Earth Magic    | 4 |  4.6
Spellcasting   | 3 |  3.0
Fighting       | |  0.1
Short Blades   | |  0.2
Dodging        | |  2.1
Conjurations   | |  1.2

Action                     |  1- 3 |  4- 6 || total
---------------------------+-------+-------++-------
  Melee: Unarmed           |    10 |       ||    10
         Constrict         |     7 |     7 ||    14
         Tentacles         |     4 |     6 ||    10
         Dagger            |    12 |    29 ||    41
   Cast: Sandblast         |    46 |    39 ||    85
    Use: Scroll            |     5 |       ||     5
         Potion            |       |     3 ||     3
   Stab: Sleeping          |    11 |     9 ||    20
 Armour: Skin              |    18 |    32 ||    50
  Dodge: Dodged            |    33 |    30 ||    63
